Unix NetHack Version 5.0.0-0 post-release - last build May 31 2026 23:59:36 (970b52f25bf058293b47ddfd14a1e40e571c508c,branch:main).

Game began 2026-06-09 13:14:01, ended 2026-06-09 13:31:05.

FutureTim, lawful female human Valkyrie

 ------                                                         ----------
 |(....###  ----------------                                    |........|
 |....|# 0#%->.e............###################@###             |........|
 |..(.|##   |..............|                 -----##           #-........|
 ------     |...............                --...--###0        #|........|
            -------------.--               --.....--  #        #-----.----
                     #)###                 |........# #        #     #
                   ###                     |..<....|# ###     ##     #
            ########                       |.......|#  ###### #      #
        #  ##    #                         --.....--#   #   ###      #
        #--|----------                      --...-- #        #0     ##
        #|............                       -----  #        #####--|--------
        #|...........|                             ###   -+---# ##..........|
        #...........(|                              #    |...|#   |.-----|--|
         -------------                              ##   |...|#   |.-.))|...|
                                                     ####....|#   |.|.))|[[)|
                                                         |...|#   |.|.))|[[[|
                                                         |....#   -----------
                                                         -----

FutureTim the Skirmisher    St:18 Dx:17 Co:14 In:7 Wi:8 Ch:11  Lawful
Dlvl:5  $:0  HP:0(31) Pw:9(9) AC:-3 Xp:4 T:1996  Hungry  

Latest messages:
 The kobold mummy hits!
 The kobold mummy hits!
 The kobold mummy hits!
 The kobold mummy hits!
 The kobold mummy hits!
 The kobold mummy misses!
 The kobold mummy hits!
 The kobold mummy hits!
 The kobold mummy hits!
 The kobold mummy hits!
 The kobold mummy hits!
 The kobold mummy hits!
 The kobold mummy hits!
 The kobold mummy hits!
 The kobold mummy hits!
 The kobold mummy hits!
 The kobold mummy just misses!
 The kobold mummy hits!
 The kobold mummy misses!
 The kobold mummy hits!
 The kobold mummy hits!
 The kobold mummy hits!
 The kobold mummy hits!
 The kobold mummy hits!
 You can move again.
 Are you sure you want to pray? [yn] (n) y
 You begin praying to Tyr.
 You are surrounded by a shimmering light.
 The kobold mummy starts to attack you, but pulls back.
 You finish your prayer.
 You feel that Tyr is well-pleased.
 You feel much better.
 You destroy the kobold mummy!
 Welcome to experience level 4.
 You see no objects here.
 Pakka Pakka zaps a forked wand!
 The wand misses you.
 Pakka Pakka zaps a forked wand!
 The wand hits you!
 Pakka Pakka hits!
 Pakka Pakka hits again!
 You are beginning to feel hungry.
 What do you want to read? [tyAEF or ?*] F
 As you read the scroll, it disappears.
 A lit field surrounds you!
 Pakka Pakka hits!
 Pakka Pakka hits again!
 You die...
 Pakka Pakka takes all your possessions.
 Do you want to see what you had when you died? [ynq] (y) q

Inventory:
 Weapons  (')')
  r - 6 +0 ya
  b - a +0 dagger (alternate weapon; not wielded)
  a - a +2 spear (weapon in right hand)
 Armor    ('[')
  f - a blessed +2 orcish helm (being worn)
  c - an uncursed +3 small shield (being worn)
  w - an uncursed +0 banded mail (being worn)
 Comestibles  ('%')
  d - 8 uncursed food rations
  z - an uncursed food ration
 Scrolls  ('?')
  t - an uncursed scroll of enchant armor
  y - a cursed scroll of enchant weapon
  A - an uncursed scroll of identify
  E - an uncursed scroll of teleportation
 Potions  ('!')
  B - a cursed potion of levitation
 Rings    ('=')
  C - a cursed ring of cold resistance
  h - an uncursed ring of polymorph control
 Tools    ('(')
  D - an empty uncursed oilskin sack
  l - an uncursed mirror

FutureTim the Valkyrie's attributes:

Background:
 You were a Skirmisher, a level 4 human Valkyrie.
 You were lawful, on a mission for Tyr
 who was opposed by Odin (neutral) and Loki (chaotic).
 You were right-handed.
 You were in the Dungeons of Doom, on level 5.
 You entered the dungeon 1996 turns ago.
 You had 80 experience points, 80 more were needed to attain level 5.

Basics:
 You had 0 out of 31 hit points.
 You had all 9 energy points (spell power).
 Your armor class was -3.
 Your wallet was empty.
 Autopickup was off.

Final Characteristics:
 Your strength was 18 (limit:18/100).
 Your dexterity was 17 (limit:18).
 Your constitution was 14 (limit:18).
 Your intelligence was 7 (limit:18).
 Your wisdom was 8 (limit:18).
 Your charisma was 11 (limit:18).

Final Status:
 You were hungry.
 You were unencumbered.
 You were wielding a spear.
 You had basic skill with spear.

Final Attributes:
 You were devoutly aligned.
 You were cold resistant.
 You would have confused monsters when hitting them.
 You were stealthy.
 You were warded.
 You were fast.
 You are dead.

Miscellaneous:
 You didn't encounter any bones levels.
 Total elapsed playing time was 17 minutes and 3 seconds.

Major events:
 Turn
    1: FutureTim the lawful human Valkyrie entered the dungeon
 1096: attained the rank of Skirmisher (level 3)
 1996: killed by Ms. Pakka Pakka; the shopkeeper

You didn't know any spells.

Skills:
 Fighting Skills
   bare handed combat [Unskilled]
   two weapon combat  [Unskilled]
   riding             [Unskilled]
 Weapon Skills
   dagger             [Basic]
   axe                [Unskilled]
   pick-axe           [Unskilled]
   short sword        [Unskilled]
   broadsword         [Unskilled]
   long sword         [Unskilled]
   two-handed sword   [Unskilled]
   saber              [Unskilled]
   hammer             [Unskilled]
   quarterstaff       [Unskilled]
   polearms           [Unskilled]
   spear              [Basic]
   trident            [Unskilled]
   lance              [Unskilled]
   sling              [Unskilled]
 Spellcasting Skills
   attack spells      [Unskilled]
   escape spells      [Unskilled]

Voluntary challenges:
 Character rerolling was not enabled.
 You never genocided any monsters.
 You never polymorphed an object.
 You never changed form.
 You used no wishes.
Achievements:
 You attained the rank of Skirmisher.
 You entered a shop.

 The Dungeons of Doom: levels 1 to 5
    Level 1:
    Level 2:
       A fountain.
    Level 3:
       An altar to Tyr, a fountain, a sink.
    Level 4:
       A general store, an altar to Tyr, some fountains, some sinks.
    Level 5: <- You were here.
       Many shops.
       Final resting place for
          you, killed by Ms. Pakka Pakka; the shopkeeper.


Vanquished creatures:
  a rock piercer
  a kobold mummy
  a homunculus
 an orc zombie
 an iguana
  a gas spore
  2 hobbits
  a yellow mold
  a red mold
  3 geckos
  a jackal
  a fox
  3 goblins
  2 sewer rats
  5 grid bugs
  a lichen
  2 kobold zombies
  9 newts
37 creatures vanquished.

No species were genocided or became extinct.

Game over:
                       ----------
                      /          \
                     /    REST    \
                    /      IN      \
                   /     PEACE      \
                  /                  \
                  |    FutureTim     |
                  |       0 Au       |
                  |  killed by Ms.   |
                  | Pakka Pakka; the |
                  |    shopkeeper    |
                  |                  |
                  |       2026       |
                 *|     *  *  *      | *
        _________)/\\_//(\/(/\)/\//\/|_)_______

Farvel FutureTim the Valkyrie...

You died in The Dungeons of Doom on dungeon level 5 with 590 points,
and 0 pieces of gold, after 1996 moves.
You were level 4 with a maximum of 31 hit points when you died.

